Map: Scythe of Amon

Players

raincamp

  • Race: Terran Terran
  • Spawn Location: 5:00

raincamp

  • Race: Zerg Zerg
  • Spawn Location: 5:00

VOD

Have the link to the VOD?

Description

Time

  • Played on: Nov. 22, 2017, 12:48 p.m.
  • Length: 17:29
Show
View Real Time Build Order
Export as new Build Order

raincamp Terran 

Build Orders:  

Get SALT Encoding   

  12  0:29  Supply Depot  
Show
View Real Time Build Order
Export as new Build Order

raincamp Zerg 

Build Orders:  

Get SALT Encoding   

  12  0:06  Drone  
  13  0:12  Drone  
  14  0:24  Overlord  
  14  0:37  Drone, Extractor x2  
  13  0:42  Drone  
  14  0:55  Drone  
  15  1:20  Roach Warren  
  14  1:42  Roach  
  14  1:44  Drone x2  
  14  1:45  Drone  
  14  1:49  Drone x3  
  22  2:18  Overlord  
  22  2:28  Roach  
  22  2:40  Lair  
  22  2:45  Roach  
  22  2:46  Drone x3  
  27  2:50  Brutalisk  
  27  2:59  Overlord  
  27  3:14  Drone x2  
  29  3:52  Hatchery  
  29  3:53  Extractor  
  29  3:55  Extractor  
  26  4:02  Spore Crawler  
  26  4:06  Spore Crawler  
  24  4:33  Roach  
  24  4:38  Drone x2  
  24  4:39  Drone  
  27  4:40  Drone x3  
  27  4:44  Roach  
  32  4:52  Drone x2  
  32  4:55  Brutalisk  
  34  5:38  Overlord x2  
  34  5:39  Overlord  
  34  5:54  Spire  
  38  6:10  Drone x4  
  37  6:39  Drone x2  
  39  6:43  Mutalisk x3  
  39  6:45  Roach  
  39  6:48  Drone  
  46  7:07  Brutalisk  
  46  7:14  Drone x5  
  46  7:15  Drone  
  52  7:20  Overlord  
  52  8:03  Drone  
  52  8:04  Drone x3  
  52  8:07  Overlord x2  
  56  8:33  Mutalisk  
  56  8:53  Drone x6  
  56  8:54  Drone x3  
  56  8:55  Evolution Chamber  
  56  8:57  Infestation Pit  
  56  8:59  Glial Reconstitution  
  63  9:01  Leviathan  
  63  9:08  Mutalisk  
  56  9:10  Mutalisk  
  63  9:21  Bio-Mechanical Transfusion  
  63  9:23  Virulent Microbes  
  63  9:35  Zerg Flyer Weapons Level 1  
  63  9:36  Leviathan  
  63  9:38  Leviathan  
  63  9:40  Queen  
  63  9:42  Hive  
  63  9:51  Zerg Missile Weapons Level 1  
  63  9:53  Viper  
  63  10:05  Overlord  
  63  10:06  Overlord x2  
  63  10:09  Mutalisk  
  70  10:10  Mutalisk x3, Queen  
  76  10:27  Greater Spire  
  76  10:28  Queen  
  76  10:31  Mutalisk  
  76  10:32  Mutalisk x7  
  94  10:40  Queen  
  96  10:58  Queen  
  96  11:08  Overseer  
  100  11:48  Zerg Missile Weapons Level 2  
  100  11:50  Overlord x2  
  100  11:51  Overlord x2  
  100  11:58  Mutalisk x4  
  100  11:59  Mutalisk x7  
  100  12:16  Devourer x4  
  100  12:17  Devourer x7  
  100  12:33  Overseer  
  98  12:53  Mutalisk  
  98  12:54  Mutalisk x5  
  98  12:56  Roach x4  
  98  12:57  Roach x3  
  124  13:27  Mutalisk x2  
  126  14:02  Corrosive Spray  
  126  14:09  Mutalisk  
  126  14:10  Mutalisk x7  
  126  14:27  Devourer  
  126  14:28  Devourer x7  
  124  14:47  Zerg Flyer Weapons Level 2  
  124  15:13  Mutalisk  
  124  15:14  Roach  
  124  15:15  Overlord x3  
  124  15:16  Overlord  
  124  15:17  Roach  
  124  15:18  Roach  
  132  15:42  Mutalisk  
  130  16:00  Devourer  
  130  16:09  Mutalisk x3  
  98  16:10  Mutalisk  
Tags
 
Add a new tag
Caveats
  • Supply blocks, unpowered buildings, or Contaminate may cause inaccurate times.
  • Supply counts are checked every 10 seconds.